 Dungeon Crawl Stone Soup version 0.32-a0-711-g016ad743e0 (webtiles) character file.

Game seed: 15063498761350415129

60 garrulousMonolith the Trooper (level 3, 0/33 HPs)
             Began as a Mountain Dwarf Fighter on Mar 15, 2024.
             Succumbed to a scorpion's poison
             ... on level 3 of the Dungeon.
             The game lasted 00:01:43 (1475 turns).

garrulousMonolith the Trooper (MDFi)                Turns: 1475, Time: 00:01:44

Health: 0/33       AC: 10    Str: 18    XL:     3   Next: 82%
Magic:  4/4        EV:  5    Int: 15    God:
Gold:   82         SH:  7    Dex:  9    Spells: 2/2 levels left

rFire   . . .        a - +0 war axe
rCold   . . .        n - +0 kite shield
rNeg    . . .        k - +1 chain mail "Yfucunacax" {Int+5}
rPois   .            (no helmet)
rElec   .            (no cloak)
rCorr   .            (no gloves)
SInv    .            (no boots)
Will    .....        j - amulet of regeneration Stlth
                     (no ring)
HPRegen 1.05/turn    (no ring)
MPRegen 0.09/turn

%: no passive effects
@: mighty, lethally poisoned (0 -> -2), about to teleport
A: runic magic, artefact enchanting
a: no special abilities


You were on level 3 of the Dungeon.
You visited 1 branch of the dungeon, and saw 3 of its levels.

You collected 82 gold pieces.

Inventory:

Hand Weapons
 a - a +0 war axe (weapon)
Armour
 b - a +0 scale mail
 c - a +0 buckler
 k - the +1 chain mail "Yfucunacax" (worn) {Int+5}
   (You found it on level 2 of the Dungeon)

   Int+5:     It affects your intelligence (+5).
 n - a +0 kite shield (worn)
Jewellery
 j - an amulet of regeneration (around neck)
Scrolls
 e - a scroll of amnesia {unknown}
 f - a scroll of immolation {unknown}
 g - 2 scrolls of revelation
 h - a scroll of teleportation
 i - 2 scrolls of identify {unknown}
 l - a scroll of enchant weapon {unknown}
 m - a scroll of brand weapon {unknown}
 o - 2 scrolls of fog {unknown}
Potions
 d - a potion of might


   Skills:
 + Level 3.7 Fighting
 * Level 3.6 Axes
 + Level 3.6 Armour
 + Level 3.6 Shields
 + Level 1.6 Invocations


You had 2 spell levels left.
You didn't know any spells.
Your spell library was empty.

Dungeon Overview and Level Annotations

Branches:
Dungeon (3/15)

Altars:


Innate Abilities, Weirdness & Mutations

Your spellcasting is much less encumbered by armour.
You can use scrolls of enchantment on lesser artefacts.


Message History

You feel very sick.
The scorpion stings you but does no damage.
You closely miss the scorpion.
The scorpion is moderately wounded.
You feel sick.
The scorpion stings you but does no damage.
You block the scorpion's attack.
You hit the scorpion.
The scorpion is moderately wounded.
You feel sick.
The scorpion stings you but does no damage.
You block the scorpion's attack.
You hit the scorpion.
The scorpion is heavily wounded.
You feel sick. The scorpion stings you.
* * * LOW HITPOINT WARNING * * *
The scorpion barely misses you.
You closely miss the scorpion.
The scorpion is heavily wounded.
You feel sick. You block the scorpion's attack. The scorpion barely misses you.
You barely miss the scorpion.
The scorpion is heavily wounded.
You feel sick.
You are no longer poisoned.
The scorpion stings you but does no damage.
You hit the scorpion.
The scorpion is severely wounded.
The scorpion stings you.
* * * LOW HITPOINT WARNING * * *
You are lethally poisoned!
The scorpion poisons you!
The scorpion stings you but does no damage.
Okay, then.
As you read the scroll labelled ROR SO GULOWN, it crumbles to dust.
You feel aware of your surroundings.
It was a scroll of revelation.
* * * LOW HITPOINT WARNING * * *
You feel sick. The scorpion barely misses you.
As you read the scroll labelled LARATUBLIG, it crumbles to dust.
You feel strangely unstable.
It was a scroll of teleportation.
You die...

*,,,,,,,*,,,,,,,,**,,,,,,,,*
*,**###.#........##*,,,,,,,*
***,**###.##########.,,,,,,,,,
*,,,,,....#######.###*,,****,*
****,*,**.#..#######.####,,****,*
*,,,,,,,*...............#,,,,,,,*
*,,,,,,,,....#######.##.##,#****,
*,**,*,,*##.########.#.>.#.# *,
*,**,*,,,...###.@......#...# *,
*,**,**,*######s######.<.##* *,
*,,,,,,,*#....†..###......# *,
*,,,,,,,*#.......###)#..#.#*****,
*,,,,,,,*#.......###.#..#...,,,,,
*,,,,,,,*#.......###>#........,,,
*,,*,**,*#.......###.#.##....^.,,
*,,*,**,*#.......###.#.#*.#####*,
*,,*,**,*#.......#*#....,,# *,


You could see a scorpion.

Vanquished Creatures
  2 ribbon worms (D:2)
  A dart slug (D:2)
  5 endoplasms
  4 giant cockroaches
  3 goblins
  2 hobgoblins
  6 jackals (D:2)
  3 quokkas
  4 ball pythons
  4 bats
  2 frilled lizards
  6 kobolds
  4 rats
46 creatures vanquished.

Notes
Turn   | Place    | Note
-------+----------+-------------------------------------------
     0 | D:1      | garrulousMonolith the Mountain Dwarf Fighter began the
                  | quest for the Orb.
     0 | D:1      | Reached XP level 1. HP: 19/19 MP: 1/1
   236 | D:1      | Reached XP level 2. HP: 26/26 MP: 2/2
   321 | D:1      | Reached skill level 1 in Invocations
   704 | D:2      | Reached XP level 3. HP: 31/31 MP: 3/3
   737 | D:2      | Identified the +1 chain mail "Yfucunacax" {Int+5}
   788 | D:2      | Found a faded altar of an unknown god.
  1458 | D:3      | Noticed a scorpion
  1474 | D:3      | HP: 1/33 [poisoned by a scorpion]
  1475 | D:3      | Succumbed to a scorpion's poison

Illustrated notes

Levels and vault maps discovered:
D:1:      onia_arrival_pyramid, layout_loops_ring
D:2:      layout_loops_ring, ebering_ecumenical_altar_box, grunt_ministairs_3
D:3:      layout_loops_cross, kennysheep_generic_room_5

Skill      XL: |  1  2 |
---------------+-------+-----
Invocations    | 1 |  1.6
Axes           | 3 |  3.6
Fighting       | |  3.7
Armour         | |  3.6
Shields        | |  3.6

Action                     || total
---------------------------++-------
  Melee: War axe           ||   128
    Use: Scroll            ||     2
         Potion            ||     1
 Armour: Scale mail        ||    63
         Chain mail        ||    51
  Dodge: Dodged            ||    48
  Block: Buckler           ||    20
         Kite shield       ||    14

Table legend: (Time is in decaauts)
 A = Elapsed time spent in this place.
 B = Non-inter-level travel time spent in this place.
 C = Inter-level travel time spent in this place.
 D = Time resting spent in this place.
 E = Time spent auto-exploring this place.
 F = Levels seen in this place.
 G = Mean time per level.
                   A        B        C        D        E       F      G
               +--------+--------+--------+--------+--------+-----+--------+
         Total |   1526 |   1461 |     65 |      0 |   1123 |   3 |  508.7 |
       Dungeon |   1526 |   1461 |     65 |      0 |   1123 |   3 |  508.7 |
               +--------+--------+--------+--------+--------+-----+--------+

Top non-repeatable levels by time:
     D:2: 800 daAuts
     D:1: 683 daAuts
     D:3: 42 daAuts
